 Dungeon Crawl Stone Soup version 0.31.0-9-g3a7656b989 (webtiles) character file.

Game seed: 5817700543408999194

828 qw the Skirmisher (level 7, -1/41 HPs)
             Began as a Deep Elf Hunter on Feb 2, 2024.
             Was an Initiate of Okawaru.
             Succumbed to a killer bee's poison
             ... on level 6 of the Dungeon.
             The game lasted 00:00:21 (4043 turns).

qw the Skirmisher (Deep Elf Hunter)                 Turns: 4043, Time: 00:00:22

Health: -1/41      AC:  7    Str: 10    XL:     7   Next: 65%
Magic:  9/9        EV: 11    Int: 14    God:    Okawaru [......]
Gold:   292        SH:  0    Dex: 18    Spells: 6/6 levels left

rFire   + . .        n - +1 orcbow (flame)
rCold   . . .        (shield currently unavailable)
rNeg    . . .        d - +0 ring mail
rPois   +            b - +0 helmet
rElec   .            (no cloak)
rCorr   .            l - +0 pair of gloves
SInv    .            (no boots)
Will    .....        h - amulet of the acrobat
Stlth   +            o - ring of poison resistance
HPRegen 0.26/turn    i - ring of protection from fire
MPRegen 0.11/turn

%: acrobat
@: lethally poisoned (-1 -> -8)
A: no striking features
a: Renounce Religion


You were on level 6 of the Dungeon.
You worshipped Okawaru.
Okawaru was noncommittal.
You visited 2 branches of the dungeon, and saw 7 of its levels.

You collected 292 gold pieces.


   Skills:
 - Level 3.1 Fighting
 + Level 11.1 Ranged Weapons
 - Level 1.1 Armour
 - Level 3.3 Dodging
 - Level 1.2 Stealth


You had 6 spell levels left.
You didn't know any spells.
Your spell library was empty.

Inventory:

Hand Weapons
 n - a +1 orcbow of flaming (weapon)
Armour
 b - a +0 helmet (worn)
 d - a +0 ring mail (worn)
 l - a +0 pair of gloves (worn)
Jewellery
 h - an amulet of the acrobat (around neck)
 i - a ring of protection from fire (right hand)
 o - a ring of poison resistance (left hand)
 q - a ring of resist corrosion
 Y - a ring of protection from cold
Wands
 e - a wand of iceblast (4)
 f - a wand of flame (20)
Scrolls
 g - 4 scrolls of teleportation
 j - a scroll of fear {unknown}
Potions
 a - a potion of ambrosia {unknown}
 c - a potion of might {unknown}
 k - a potion of curing
 m - a potion of magic
 r - 2 potions of resistance

Dungeon Overview and Level Annotations

Branches:
Dungeon (6/15)             Temple (1/1) D:5

Altars:
Ashenzari
Cheibriados
Dithmenos
Elyvilon
Fedhas
Gozag
Hepliaklqana
Kikubaaqudgha
Makhleb
Nemelex Xobeh
Okawaru
Qazlal
Ru
Sif Muna
Trog
Uskayaw
Vehumet
Wu Jian
Xom
Yredelemnul
Zin
The Shining One

Shops:
D:3 (   D:4 [

Annotations:
D:4 1 transporter, qw's ghost, amateur DEHu
D:5 2 transporters


Message History

The killer bee stings you.
You shoot an arrow. The arrow barely misses the killer bee.
The killer bee closely misses you.
The killer bee stings you but does no damage.
You shoot an arrow.
The arrow closely misses the killer bee.
The killer bee stings you but does no damage. x2
The killer bee stings you.
You shoot an arrow. The arrow misses the killer bee.
The killer bee completely misses you.
The killer bee stings you but does no damage.
You shoot an arrow. The arrow misses the killer bee.
The killer bee stings you!
The killer bee stings you but does no damage.
You shoot an arrow. The arrow hits the killer bee!
The arrow burns the killer bee.
The killer bee is severely wounded.
The killer bee misses you. The killer bee stings you!
4039 ||| READING 5 scrolls of teleportation.
As you read the scroll of teleportation, it crumbles to dust.
You feel strangely unstable.
The killer bee stings you but does no damage. x2
You shoot an arrow.
The arrow closely misses the killer bee.
The killer bee stings you but does no damage. x2
You shoot an arrow.
The arrow closely misses the killer bee.
The killer bee barely misses you. The killer bee stings you.
You are lethally poisoned!
The killer bee poisons you!
You shoot an arrow.
The arrow closely misses the killer bee.
You feel very sick.
The killer bee stings you but does no damage.
The killer bee closely misses you.
You shoot an arrow. The arrow barely misses the killer bee.
Your surroundings suddenly seem different. 2 ufetubi come into view.
Found 2 poisoned darts.
Found a stone staircase leading down.
You die...

...#....'.....#
...#....#.....#.......
...######.....#......
..............#.....#
..............#5....# .
.........<....#.....##..
..............#...5.....
.........######......(..
.........# #..@.......
########## #..........
#.......... #...>......
#.......... ##.....###.
#.....# .......


You could see 2 ufetubi.

Vanquished Creatures
  Eustachio (D:4)
  A sky beast (D:5)
  A centaur (D:5)
  A killer bee (D:6)
  2 jellies
  A bombardier beetle (D:5)
  3 hounds
  Ijyb (D:4)
  2 iguanas
  An orc wizard (D:3)
  3 gnolls (D:5)
  6 adders
  2 dart slugs (D:2)
  3 ribbon worms
  5 orcs
  3 bats
  6 endoplasms
  4 giant cockroaches
  12 goblins
  9 hobgoblins
  8 jackals
  9 kobolds
  A quokka (D:2)
  4 ball pythons
  5 rats
94 creatures vanquished.

Notes
Turn   | Place    | Note
-------+----------+-------------------------------------------
     0 | D:1      | qw the Deep Elf Hunter began the quest for the Orb.
     0 | D:1      | Reached XP level 1. HP: 12/12 MP: 3/3
     0 | D:1      | 0 ||| qw: Version: 0.3-a-155-g5e7d8dd
     0 | D:1      | 0 ||| qw: Game counter: 1201
     0 | D:1      | 0 ||| qw: Melee chars always use a shield: true
     0 | D:1      | 0 ||| qw: God list: Okawaru
     0 | D:1      | 0 ||| qw: Allow faded altars: false
     0 | D:1      | 0 ||| qw: Do Orc after clearing Dungeon:15 true
     0 | D:1      | 0 ||| qw: Do second Lair branch before Depths: true
     0 | D:1      | 0 ||| qw: Lair rune preference: random
     0 | D:1      | 0 ||| qw: Goals: Normal
     0 | D:1      | 0 ||| PLANNING D:1-11
   272 | D:1      | Reached XP level 2. HP: 16/16 MP: 4/4
   276 | D:1      | Reached skill level 6 in Ranged Weapons
   709 | D:1      | 709 ||| UPGRADING to +0 pair of gloves.
   714 | D:1      | 714 ||| UPGRADING to ring of resist corrosion.
   715 | D:1      | 715 ||| UPGRADING to ring of protection from fire.
   716 | D:1      | 716 ||| READING scroll labelled YSOULI ARPHEBOTU.
   721 | D:1      | 721 ||| READING scroll labelled LAMAOXE ATSOCO.
   722 | D:1      | 722 ||| READING scroll labelled FAAQEMUNI.
   723 | D:1      | 723 ||| DROPPING scroll of butterflies.
   820 | D:2      | Reached XP level 3. HP: 15/20 MP: 5/5
   889 | D:2      | Reached skill level 7 in Ranged Weapons
   891 | D:2      | HP: 5/20 [kobold/+0 dagger (3)]
   975 | D:2      | Identified the +6 dagger of Disorder {venom, rPois}
  1156 | D:2      | Reached XP level 4. HP: 11/25 MP: 6/6
  1494 | D:2      | 1494 ||| UPGRADING to +0 helmet.
  1499 | D:2      | 1499 ||| UPGRADING to amulet of the acrobat.
  1504 | D:2      | 1504 ||| READING scroll labelled MECEENUZXA.
  1505 | D:2      | 1505 ||| DRINKING 2 fuming clear potions.
  1506 | D:2      | 1506 ||| DRINKING 2 red potions.
  1546 | D:3      | Found Detwaolo's Antique Weapon Boutique.
  1564 | D:3      | 1564 ||| SHOPLISTING runed arbalest (195 gold, have 86).
  1815 | D:3      | Reached skill level 8 in Ranged Weapons
  1865 | D:3      | 1865 ||| DRINKING potion of curing.
  1865 | D:3      | 1865 ||| (to cure confusion)
  1868 | D:3      | Reached XP level 5. HP: 29/29 MP: 7/7
  1972 | D:3      | Found a burning altar of Makhleb.
  2078 | D:3      | Found a faded altar of an unknown god.
  2152 | D:3      | 2152 ||| UPGRADING to +0 ring mail.
  2162 | D:3      | 2162 ||| DROPPING +0 leather armour.
  2163 | D:3      | 2163 ||| UPGRADING to ring of protection from cold.
  2165 | D:3      | 2165 ||| READING 5 scrolls labelled JOIPTUWAPI.
  2165 | D:3      | 2165 ||| IDENTIFYING black potion
  2166 | D:3      | 2166 ||| READING 4 scrolls of identify.
  2166 | D:3      | 2166 ||| IDENTIFYING smoky orange potion
  2167 | D:3      | 2167 ||| READING 3 scrolls of identify.
  2167 | D:3      | 2167 ||| IDENTIFYING 2 fuming inky potions
  2168 | D:3      | 2168 ||| READING 2 scrolls of identify.
  2168 | D:3      | 2168 ||| IDENTIFYING 2 silvery potions
  2169 | D:3      | 2169 ||| READING scroll of identify.
  2169 | D:3      | 2169 ||| IDENTIFYING scroll labelled XUGOKA AKEOHEU
  2170 | D:3      | 2170 ||| READING scroll labelled CUTIUS XOCY.
  2170 | D:3      | 2170 ||| BRANDING +0 shortbow.
  2171 | D:3      | 2171 ||| DROPPING potion of degeneration.
  2172 | D:3      | 2172 ||| DROPPING 2 potions of magic.
  2173 | D:3      | 2173 ||| DROPPING scroll of poison.
  2174 | D:3      | 2174 ||| DROPPING 2 potions of brilliance.
  2200 | D:4      | Found Vep Gin's Armour Shoppe.
  2230 | D:4      | Reached skill level 9 in Ranged Weapons
  2233 | D:4      | 2233 ||| SHOPLISTING +2 scale mail of cold resistance (231
                  | gold, have 170).
  2402 | D:4      | Noticed Eustachio
  2403 | D:4      | 2403 ||| DRINKING potion of haste.
  2422 | D:4      | Killed Eustachio
  2423 | D:4      | Reached skill level 3 in Fighting
  2423 | D:4      | Reached XP level 6. HP: 29/37 MP: 8/8
  2527 | D:4      | Found a sacrificial altar of Ru.
  2557 | D:4      | Noticed Ijyb
  2560 | D:4      | 2560 ||| FLEEEEING.
  2562 | D:4      | 2562 ||| FLEEEEING.
  2563 | D:4      | 2563 ||| FLEEEEING.
  2564 | D:4      | 2564 ||| FLEEEEING.
  2565 | D:4      | 2565 ||| FLEEEEING.
  2566 | D:4      | 2566 ||| FLEEEEING.
  2567 | D:4      | 2567 ||| FLEEEEING.
  2568 | D:4      | 2568 ||| FLEEEEING.
  2569 | D:4      | 2569 ||| FLEEEEING.
  2570 | D:4      | 2570 ||| FLEEEEING.
  2571 | D:4      | 2571 ||| FLEEEEING.
  2572 | D:4      | 2572 ||| FLEEEEING.
  2573 | D:4      | 2573 ||| FLEEEEING.
  2574 | D:4      | 2574 ||| FLEEEEING.
  2575 | D:4      | 2575 ||| STAIRDANCE
  2587 | D:3      | 2587 ||| DROPPING ring of wizardry.
  2694 | D:4      | Found a transporter.
  2695 | D:4      | Identified the +10 great mace of the Tomato {spect, *Rage
                  | rElec Dex+7}
  2695 | D:4      | Noticed qw's ghost (amateur DEHu)
  2765 | D:4      | Identified the +1 plate armour "Fikhaler" {Dex+5}
  2860 | D:4      | Killed Ijyb
  2861 | D:4      | Reached skill level 1 in Armour
  2922 | D:5      | Entered Level 5 of the Dungeon
  2937 | D:5      | Noticed a sky beast
  2939 | D:5      | 2939 ||| ZAPPING wand of iceblast (6) at 4,0 (floor).
  2940 | D:5      | 2940 ||| ZAPPING wand of iceblast (5) at 3,0 (floor).
  2940 | D:5      | Killed a sky beast
  2950 | D:5      | Reached XP level 7. HP: 41/41 MP: 9/9
  2982 | D:5      | Reached skill level 10 in Ranged Weapons
  3093 | D:5      | Found a staircase to the Ecumenical Temple.
  3094 | D:5      | 3094 ||| PLANNING TEMPLE
  3098 | D:5      | HP: 9/41 [centaur/arrow (2)]
  3099 | D:5      | 3099 ||| READING 5 scrolls of teleportation.
  3251 | D:5      | Reached skill level 3 in Dodging
  3252 | Temple   | Entered the Ecumenical Temple
  3253 | Temple   | 3253 ||| PLANNING OKAWARU WORSHIP
  3261 | Temple   | Became a worshipper of Warmaster Okawaru
  3262 | Temple   | 3262 ||| PLANNING D:1-11
  3369 | D:5      | Found a transporter.
  3372 | D:5      | Found a white marble altar of Elyvilon.
  3373 | D:5      | Found a transporter.
  3374 | D:5      | Noticed a troll
  3375 | D:5      | Noticed a vampire
  3378 | D:5      | Found a hide-covered altar of Uskayaw.
  3708 | D:5      | 3708 ||| SWAPPING to +1 orcbow of flaming.
  3709 | D:5      | 3709 ||| DROPPING +0 shortbow of draining.
  3833 | D:5      | 3833 ||| UPGRADING to ring of poison resistance.
  3835 | D:5      | 3835 ||| READING 2 scrolls of identify.
  3835 | D:5      | 3835 ||| IDENTIFYING viscous grey potion
  3836 | D:5      | 3836 ||| READING scroll of identify.
  3836 | D:5      | 3836 ||| IDENTIFYING scroll labelled TOYL RIF CIANE
  3837 | D:5      | 3837 ||| DROPPING scroll of amnesia.
  3838 | D:5      | 3838 ||| DROPPING potion of berserk rage.
  4024 | D:6      | 4024 ||| RETREEEEATING.
  4025 | D:6      | 4025 ||| RETREEEEATING.
  4026 | D:6      | 4026 ||| RETREEEEATING.
  4027 | D:6      | 4027 ||| RETREEEEATING.
  4028 | D:6      | 4028 ||| RETREEEEATING.
  4033 | D:6      | Reached skill level 11 in Ranged Weapons
  4038 | D:6      | HP: 5/41 [killer bee (7)]
  4039 | D:6      | 4039 ||| READING 5 scrolls of teleportation.
  4042 | D:6      | HP: 1/41 [poisoned by a killer bee]
  4043 | D:6      | Succumbed to a killer bee's poison

Levels and vault maps discovered:
D:1:      onia_arrival_pyramid, layout_loops_ring, serial_forest,
          infiniplex_forest_lined_room_2, infiniplex_forest_diagonal,
          infiniplex_forest_straight_2, infiniplex_forest_pool,
          infiniplex_forest_straight_4, infiniplex_forest_end_2
D:2:      layout_basic, serial_park_tiny_2, minivault_25, kennysheep_nub
D:3:      layout_loops_cross, mainiacjoe_overflow_boulevard,
          shapermc_ecumenical_altar_mp_urbaneastern, serial_shops, shop
D:4:      kennysheep_the_goblin_king, layout_basic,
          mainiacjoe_overflow_alcove_4, serial_shops, shop,
          gammafunk_ghost_smash, uniq_eustachio
D:5:      layout_loops_ring, gammafunk_temple_overflow_arena,
          minmay_temple_entry_junction_2, hex_tiny, uniq_ijyb
D:6:      layout_gridville, minmay_chambers_of_fives
Temple:   mainiacjoe_temple_coin_purse

Skill      XL: |  1  2  3  4  5  6  7 |
---------------+----------------------+-----
Ranged Weapons | 6 7 8 9 11 | 11.1
Fighting       | 3 |  3.1
Armour         | 1 |  1.1
Dodging        | 3 |  3.3
Stealth        | |  1.2

Action                     |  1- 3 |  4- 6 |  7- 9 || total
---------------------------+-------+-------+-------++-------
   Fire: Shortbow          |   130 |   142 |    56 ||   328
         Orcbow            |       |       |    23 ||    23
  Evoke: Wand              |       |     2 |       ||     2
    Use: Scroll            |     3 |     7 |     4 ||    14
         Potion            |       |     4 |       ||     4
 Armour: Leather armour    |    54 |    11 |       ||    65
         Ring mail         |       |    12 |    39 ||    51
  Dodge: Dodged            |    48 |    25 |    37 ||   110

Table legend:
 A = Non-vault XP
 B = Vault XP
 C = Vault XP percentage of total XP
 D = Non-vault monster count
 E = Vault monster count
 F = Vault count percentage of total count
                 A         B        C        D         E       F
            +---------+---------+-------+---------+---------+-------
      Total |     942 |     242 |  20.4 |      87 |       7 |   7.4
            +---------+---------+-------+---------+---------+-------
        D:1 |      26 |       0 |   0.0 |      16 |       0 |   0.0
        D:2 |      84 |       0 |   0.0 |      25 |       0 |   0.0
        D:3 |     128 |       0 |   0.0 |      20 |       0 |   0.0
        D:4 |      84 |     242 |  74.2 |      13 |       7 |  35.0
        D:5 |     474 |       0 |   0.0 |      10 |       0 |   0.0
        D:6 |     146 |       0 |   0.0 |       3 |       0 |   0.0
            +---------+---------+-------+---------+---------+-------
